 Dungeon Crawl Stone Soup version 0.30-a0-329-g85436e0a43 (webtiles) character file.

Game seed: 14416897554113804516

455 purpskrrrp the Trooper (level 6, -7/49 HPs)
             Began as a Demonspawn Fighter on Oct 28, 2022.
             Was an Initiate of Makhleb.
             Killed by divine providence
             ... invoked by an orc priest
              (17 damage)
             ... on level 4 of the Dungeon.
             The game lasted 00:06:16 (3492 turns).

purpskrrrp the Trooper (Demonspawn Fighter)         Turns: 3492, Time: 00:06:17

Health: -7/49      AC:  7    Str: 19    XL:     6   Next: 76%
Magic:  6/6        EV: 10    Int: 11    God:    Makhleb [......]
Gold:   239        SH:  0    Dex: 12    Spells: 5/5 levels left

rFire   . . .      SeeInvis .    g - +1 lajatang (spect)
rCold   . . .      Faith    .    (shield currently unavailable)
rNeg    . . .      Spirit   .    k - +0 acid dragon scales
rPois   +          Reflect  .    (no helmet)
rElec   .          Harm     .    (no cloak)
rCorr   +          Rampage  .    (no gloves)
Will    .....                    (no boots)
Stlth   +.........               (no amulet)
HPRegen 0.28/turn                h - ring of poison resistance
MPRegen 0.10/turn                (no ring)

@: no status effects
A: claws 1, ignite blood 1, big brain 1
a: Renounce Religion


You were on level 4 of the Dungeon.
You worshipped Makhleb.
Makhleb was noncommittal.
You visited 1 branch of the dungeon, and saw 4 of its levels.

You collected 239 gold pieces.

Inventory:

Hand Weapons
 a - a +0 war axe
 g - a +1 spectral lajatang (weapon)
Armour
 b - a +0 scale mail
 c - a +0 buckler
 k - +0 acid dragon scales (worn)
Jewellery
 h - a ring of poison resistance (left claw)
 r - an amulet of regeneration
Wands
 m - a wand of charming (7)
 p - a wand of flame (13)
Scrolls
 e - a scroll of summoning
 i - a scroll of fear {unknown}
 n - a scroll of teleportation {unknown}
 o - a scroll of magic mapping
Potions
 d - a potion of might
 f - a potion of mutation
 j - 3 potions of curing
 l - a potion of berserk rage
 q - a potion of haste {unknown}


   Skills:
 + Level 4.6 Fighting
 + Level 3.6 Axes
 + Level 4.2 Armour
 + Level 4.1 Shields


You had 5 spell levels left.
You didn't know any spells.
Your spell library contained the following spells:

 Spells                   Type           Power      Damage    Failure   Level
 Sublimation of Blood     Necr           0%         N/A       56%         2
 Ignite Poison            Fire/Tmut/Pois 0%         N/A       80%         3
 Petrify                  Tmut/Erth      0%         N/A       99%         4
 Sticky Flame             Conj/Fire      0%         2d3       99%         4
 Irradiate                Conj/Tmut      0%         3d11      100%        5
 Ignition                 Fire           0%         3d3       100%        8


Dungeon Overview and Level Annotations

Branches:
Dungeon (4/15)
 Temple: D:4-7

Altars:
Makhleb
Vehumet
Xom


Innate Abilities, Weirdness & Mutations

You have sharp fingernails.
Your demonic aura sometimes causes spilled blood to erupt in flames.
You have an unusually large brain. (Int +2)


Message History

The orc priest shouts!
The gnoll hits you from afar with a +0 halberd!
Found a cloak, a leather armour and 8 gold pieces.
The gnoll hits you with a +0 halberd. The hound barely misses you.
You miss the hound. The hound closely misses you.
The gnoll hits you with a +0 halberd! The hound barely misses you.
The gnoll hits you with a +0 halberd.
You are too injured to fight recklessly!
You are too injured to fight recklessly!
You are too injured to fight recklessly!
You are too injured to fight recklessly!
You are too injured to fight recklessly!
You are too injured to fight recklessly!
You are too injured to fight recklessly!
You are too injured to fight recklessly!
You are too injured to fight recklessly!
You are too injured to fight recklessly!
You are too injured to fight recklessly!
You are too injured to fight recklessly!
You are too injured to fight recklessly!
You are too injured to fight recklessly!
You are too injured to fight recklessly!
You are too injured to fight recklessly!
You are too injured to fight recklessly!
The hound attacks as you move away! The hound closely misses you.
The gnoll closely misses you.
You closely miss the hound.
Your +1 spectral lajatang hits the hound!
The hound is engulfed in blazing flames.
The hound barely misses your +1 spectral lajatang.
The hound is engulfed in blazing flames.
You kill the hound!
Makhleb accepts your kill.
The orc priest invokes the aid of Beogh against you.
You barely resist.
The gnoll hits you from afar with a +0 halberd!
* * * LOW HITPOINT WARNING * * *
The orc priest invokes the aid of Beogh against you.
Beogh smites you!
You die...

#######..#.###.#.....#
## #.#...#...#.. #
#.#...#...##### ..#
#.#...#...#...#...#
#..#.###)#.....# ###
#..##...###...##
....#..#.....#.###.#
#.......#...#...# .#
.#.###.@#####...# #
#○§# #...#
#°#.....#(##
#.go##...###..
........###.. ....
.......... # ###..>
#........## #o
##........ #......#.


You could see an orc priest and a gnoll.

Vanquished Creatures
  An ogre (D:3)
  A scorpion (D:3)
  A crimson imp (D:3)
  A hound (D:4)
  An orc priest (D:4)
  An iguana (D:2)
  4 gnolls
  5 adders
  2 worms
  5 dart slugs
  5 orcs
  9 bats
  10 endoplasms
  8 giant cockroaches
  4 goblins
  3 hobgoblins
  6 jackals
  2 quokkas
  5 ball pythons
  5 frilled lizards
  11 kobolds
  3 rats
93 creatures vanquished.

Vanquished Creatures (others)
  14 plants (D:2)
14 creatures vanquished.

Grand Total: 107 creatures vanquished

Notes
Turn   | Place    | Note
-------+----------+-------------------------------------------
     0 | D:1      | purpskrrrp the Demonspawn Fighter began the quest for the
                  | Orb.
     0 | D:1      | Reached XP level 1. HP: 18/18 MP: 1/1
   156 | D:1      | Gained mutation: You have sharp fingernails. [demonic
                  | ancestry]
   156 | D:1      | Reached XP level 2. HP: 24/24 MP: 2/2
   307 | D:1      | Gained mutation: Your demonic aura sometimes causes spilled
                  | blood to erupt in flames. [demonic ancestry]
   307 | D:1      | Reached XP level 3. HP: 26/29 MP: 3/3
   948 | D:2      | Gained mutation: You have an unusually large brain. (Int
                  | +2) [demonic ancestry]
   948 | D:2      | Reached XP level 4. HP: 33/35 MP: 4/4
  1175 | D:2      | Found a shimmering altar of Xom.
  1743 | D:3      | Noticed an ogre
  1756 | D:3      | Killed an ogre
  1757 | D:3      | Reached XP level 5. HP: 21/42 MP: 5/5
  2497 | D:3      | Reached XP level 6. HP: 18/49 MP: 6/6
  2521 | D:3      | Identified a scroll of acquirement
  2522 | D:3      | Acquired a +1 spectral lajatang
  2691 | D:3      | Found a burning altar of Makhleb.
  2692 | D:3      | Found a radiant altar of Vehumet.
  3118 | D:3      | Became a worshipper of Makhleb the Destroyer
  3492 | D:4      | Killed from afar by an orc priest

Illustrated notes

Levels and vault maps discovered:
D:1:      lightli_arrival_flooded_house, layout_loops_ring,
          nicolae_kite_square_tiling_tiny, minmay_pentomino_x2
D:2:      layout_loops_cross, serial_bayou, serial_bayou_crossing,
          serial_bayou_lagoon_a, serial_bayou_pond_e, serial_bayou_pond_d,
          basic_altar, serial_park_tiny_2, chequers_serial_rivers_micro_d
D:3:      layout_loops_corners, grunt_temple_overflow_lords_of_destruction,
          minmay_joined_circles
D:4:      nicolae_cairo_tiling, layout_basic, grunt_dithmenos_smoke,
          minmay_temple_entry_overgrown, minmay_misc_feat_alley,
          nicolae_shop_overcharged_wands

Skill      XL: |  1  2  3  4  5  6 |
---------------+-------------------+-----
Axes           | 2 3 |  3.6
Armour         | 3 4 |  4.2
Shields        | 3 4 |  4.1
Fighting       | 4 |  4.6

Action                   |  1- 3 |  4- 6 || total
-------------------------+-------+-------++-------
Melee: War axe           |    95 |   143 ||   238
       Lajatang          |       |    39 ||    39
  Use: Scroll            |     3 |     5 ||     8
       Potion            |       |     2 ||     2
Armor: Scale mail        |    47 |    76 ||   123
       Acid dragon scale |       |     3 ||     3
Dodge: Dodged            |    53 |   112 ||   165
Block: Buckler           |    22 |    32 ||    54

Table legend: (Time is in decaauts)
 A = Elapsed time spent in this place.
 B = Non-inter-level travel time spent in this place.
 C = Inter-level travel time spent in this place.
 D = Time resting spent in this place.
 E = Time spent auto-exploring this place.
 F = Levels seen in this place.
 G = Mean time per level.
                   A        B        C        D        E       F      G
               +--------+--------+--------+--------+--------+-----+--------+
         Total |   3633 |   3340 |    293 |     72 |   2562 |   4 |  908.2 |
       Dungeon |   3633 |   3340 |    293 |     72 |   2562 |   4 |  908.2 |
               +--------+--------+--------+--------+--------+-----+--------+

Top non-repeatable levels by time:
     D:3: 1754 daAuts
     D:2: 975 daAuts
     D:1: 752 daAuts
     D:4: 151 daAuts
